 Dungeon Crawl Stone Soup version 0.29.1-15-g9cfb28693d (webtiles) character file.

Game seed: 9390279540936276809

2583 javelincjr the Summoner (level 9, -2/66 HPs)
             Began as a Gnoll Summoner on Apr 28, 2023.
             Was an Elder of Nemelex Xobeh.
             Shot with a sling bullet by Joseph (21 damage)
             ... on level 7 of the Dungeon.
             The game lasted 00:34:20 (8356 turns).

javelincjr the Summoner (Gnoll Summoner)            Turns: 8356, Time: 00:34:20

Health: -2/66      AC:  5    Str: 12    XL:     9   Next: 58%
Magic:  16/28      EV: 13    Int: 23    God:    Nemelex Xobeh [****..]
Gold:   434        SH:  5    Dex: 13    Spells: 13/21 levels left

rFire   x . .      SeeInvis .   j - +8 sling of Rifyev {speed, rF- Will+ Str+3}
rCold   . . .      Faith    .   w - +0 buckler
rNeg    . . .      Spirit   .   r - +1 leather armour
rPois   .          Reflect  .   (no helmet)
rElec   .          Harm     .   (no cloak)
rCorr   .          Rampage  .   s - +0 pair of gloves
Will    +....                   (no boots)
Stlth   +++.......              (no amulet)
HPRegen 0.21/turn               F - ring of magical power
MPRegen 0.21/turn               a - +6 ring of intelligence

@: no status effects
A: fangs 1, strong nose, distributed training
a: Renounce Religion, Draw Escape, Draw Destruction, Draw Summoning, Triple
Draw, Deal Four


You were on level 7 of the Dungeon.
You worshipped Nemelex Xobeh.
Nemelex Xobeh was greatly pleased with you.
You visited 2 branches of the dungeon, and saw 8 of its levels.

You collected 434 gold pieces.

Inventory:

Hand Weapons
 g - a +2 dagger of protection
 j - the +8 sling of Rifyev (weapon) {speed, rF- Will+ Str+3}
   (You acquired it on level 5 of the Dungeon)

   Attacks with this weapon are significantly faster.
   Str:       It affects your strength (+3).
   rF:        It makes you vulnerable to fire.
   Will:      It increases your willpower.
 u - a +0 dagger of speed
 B - a +1 flail of holy wrath
 D - a +1 spear of flaming
Missiles
 v - 8 boomerangs
Armour
 k - an orb of light
 r - a +1 leather armour (worn)
 s - a +0 pair of gloves (worn)
 w - a +0 buckler (worn)
 y - a +2 chain mail of poison resistance
 C - the +5 chain mail of the Lotus Blossom {-Cast rN+ Str+7}
   (You took it off a gnoll bouda on level 6 of the Dungeon)

   Str:       It affects your strength (+7).
   rN:        It protects you from negative energy.
   -Cast:     It prevents spellcasting.
Magical Staves
 t - a staff of cold
Jewellery
 a - a +6 ring of intelligence (right hand)
 o - a ring of protection from fire
 p - a ring of see invisible
 F - a ring of magical power (left hand)
 K - a ring of protection from fire
Wands
 x - a wand of flame (17)
 J - a wand of polymorph (5)
Scrolls
 c - 2 scrolls of teleportation
 l - a scroll of magic mapping
 q - a scroll of summoning {unknown}
 z - a scroll of vulnerability {unknown}
 A - 2 scrolls of identify
 H - a scroll of blinking {unknown}
 I - a scroll of amnesia {unknown}
 L - a scroll of noise {unknown}
Potions
 b - a potion of magic
 d - a potion of heal wounds
 e - 3 potions of curing {unknown}
 f - 2 potions of haste {unknown}
 h - 2 potions of invisibility {unknown}
 i - 2 potions of might {unknown}
 m - a potion of mutation {unknown}
 n - a potion of resistance {unknown}
 E - a potion of attraction {unknown}
 G - 2 potions of berserk rage {unknown}


   Skills:
 + Level 4.5 Fighting
 + Level 4.5 Short Blades
 + Level 4.5 Long Blades
 + Level 4.5 Axes
 + Level 4.5 Maces & Flails
 + Level 4.5 Polearms
 + Level 4.5 Staves
 + Level 4.5 Ranged Weapons
 + Level 4.5 Throwing
 + Level 4.5 Armour
 + Level 6.5 Dodging
 + Level 6.2 Stealth
 + Level 4.5 Shields
 + Level 4.5 Unarmed Combat
 + Level 6.8 Spellcasting
 + Level 3.7 Conjurations
 + Level 3.7 Hexes
 + Level 8.1 Summonings
 + Level 3.7 Necromancy
 + Level 3.7 Translocations
 + Level 3.7 Transmutations
 + Level 3.7 Fire Magic
 + Level 3.7 Ice Magic
 + Level 3.7 Air Magic
 + Level 3.7 Earth Magic
 + Level 3.7 Poison Magic
 + Level 5.0 Invocations
 + Level 4.5 Evocations


You had 13 spell levels left.
You knew the following spells:

 Your Spells              Type           Power      Damage    Failure   Level
a - Summon Small Mammal   Summ           100%       N/A       1%          1
b - Call Canine Familiar  Summ           45%        N/A       1%          3
c - Summon Lightning Spi  Summ/Air       35%        N/A       11%         4

Your spell library contained the following spells:

 Spells                   Type           Power      Damage    Failure   Level
 Call Imp                 Summ           45%        N/A       1%          2
 Apportation              Tloc           50%        N/A       2%          1
 Beastly Appendage        Tmut           50%        N/A       2%          1
 Summon Guardian Golem    Hex/Summ       35%        N/A       3%          3
 Wereblood                Tmut           25%        N/A       4%          2
 Gell's Gravitas          Tloc           25%        N/A       9%          3
 Mephitic Cloud           Conj/Pois/Air  25%        N/A       9%          3
 Spider Form              Tmut/Pois      25%        N/A       9%          3
 Teleport Other           Tloc           25%        N/A       9%          3
 Fulminant Prism          Conj/Hex       12%        3d9       28%         4
 Yara's Violent Unravell  Hex/Tmut       12%        3d7       61%         5
 Dispersal                Tloc           12%        N/A       99%         6


Dungeon Overview and Level Annotations

Branches:
Dungeon (7/15)             Temple (1/1) D:4

Altars:
Ashenzari
Dithmenos
Fedhas
Gozag
Hepliaklqana
Makhleb
Nemelex Xobeh
Okawaru
Qazlal
Ru
Trog
Uskayaw
Vehumet
Wu Jian
Xom
Yredelemnul
Zin
The Shining One

Shops:
D:7 (

Annotations:
D:7 2 transporters, Joseph


Innate Abilities, Weirdness & Mutations

You have very sharp teeth.
Your uncanny sense of smell can sniff out nearby items.
Your experience applies equally to all skills.


Message History

Aim: a white imp (almost dead, not watching you, ally target, 68% to hit)
You shoot a sling bullet.
The sling bullet barely misses the white imp.
Your wolf barely misses the white imp.
Joseph shoots a sling bullet.
The sling bullet hits your wolf!!
Your wolf dies!
Your wolf's corpse disappears in a puff of smoke!
The white imp shouts!
Casting: Summon Small Mammal (safe; 1% risk of failure)
Confirm with . or Enter, or press ? or * to list all spells.
Your lightning spire shoots out a bolt of lightning at the white imp!
The bolt of electricity hits the white imp!
The white imp dies!
Joseph shoots a sling bullet.
The sling bullet hits your quokka!
Your quokka dies!
Your quokka's corpse disappears in a puff of smoke!
Casting: Call Canine Familiar (safe; 1% risk of failure)
Confirm with . or Enter, or press ? or * to list all spells.
Joseph shoots a sling bullet.
The sling bullet barely misses you.
Casting: Summon Small Mammal (safe; 1% risk of failure)
Confirm with . or Enter, or press ? or * to list all spells.
Joseph shoots a sling bullet.
The sling bullet hits you!
* * * LOW HITPOINT WARNING * * *
Fire: j) +8 sling of Rifyev {speed, rF- Will+ Str+3}
Press: ? - help, Q - select action, (/) - cycle Shift-Dir - straight line, f - Joseph
Aim: Joseph, wielding a +0 sling and wearing a +4 ring mail of cold resistance (ally target, 71% to hit)
You shoot a sling bullet. The sling bullet hits Joseph.
Joseph is lightly wounded.
Your wolf bites Joseph.
Your lightning spire shoots out a bolt of lightning at Joseph!
The bolt of electricity hits Joseph.
Fire: j) +8 sling of Rifyev {speed, rF- Will+ Str+3}
Press: ? - help, Q - select action, (/) - cycle Shift-Dir - straight line, f/p - Joseph
Aim: Joseph, wielding a +0 sling and wearing a +4 ring mail of cold resistance (lightly wounded, ally target, 71% to hit)
You shoot a sling bullet. The sling bullet hits Joseph.
Joseph is moderately wounded.
Your wolf closely misses Joseph.
Joseph shoots a sling bullet.
The sling bullet hits you!!
You die...
Your body glows with a rainbow of weird colours and disappears.

...$..# ).....##
.......# ...@...# #####
....h..# #####
####...##...$(...
#...####....#..8...r(...
..#[#....######b#.......
###...#### #..©@.####
##### #######


ooooOoo. #..o#####o.. #?.oo#o#....# #.#$..oo."#.# #.##.8.8.##.# #© .._... .# You
could see Joseph (ally target), a two-headed ogre, 2 orc warriors, an orc
priest, 2 orc wizards, 7 orcs, a friendly wolf (summoned), a friendly lightning
spire (summoned), a friendly bat (summoned) and a friendly rat (summoned).

Vanquished Creatures
  2 ice beasts
  A black bear (D:6)
  2 sky beasts
  The ghost of monsoonserge the Cudgeller, an amateur MeCA of Ignis (D:3)
  A phantom (D:5)
  A necrophage (D:6)
  A scorpion (D:6)
  4 wights (D:6)
  3 killer bees (D:7)
  2 howler monkeys
  A gnoll bouda (D:6)
  3 hounds
  Jessica (D:2)
  Ijyb (D:5)
  6 orc wizards
  2 iguanas (D:6)
  3 gnolls (D:6)
  4 adders
  2 shadow imps
  A white imp (D:6)
  5 ufetubi
  A worm (D:2)
  10 orcs
  A ball python (D:2)
  A bat (D:2)
  An endoplasm (D:3)
  3 giant cockroaches
  5 hobgoblins
  A jackal (D:3)
  2 quokkas (D:3)
  A frilled lizard (D:1)
  2 goblins
  3 kobolds
  3 rats
81 creatures vanquished.

Vanquished Creatures (collateral kills)
  Duvessa (D:5)
  A black bear (D:5)
  An ice beast (D:5)
  An orc warrior (D:6)
  An ogre (D:6)
  A lemure (D:3)
  A phantom (D:5)
  Dowan (D:5)
  A gnoll bouda (D:6)
  An orc priest (D:6)
  2 orc wizards
  3 gnolls (D:6)
  2 adders
  A white imp (D:7)
  An ufetubus (D:5)
  4 worms
  12 orcs
  An endoplasm (D:1)
  5 goblins
  4 hobgoblins
  3 jackals (D:3)
  2 quokkas (D:5)
  8 ball pythons
  A bat (D:1)
  5 frilled lizards
  5 kobolds
  9 rats
78 creatures vanquished.

Vanquished Creatures (others)
  3 fungi (D:2)
  9 plants (D:2)
12 creatures vanquished.

Grand Total: 171 creatures vanquished

Notes
Turn   | Place    | Note
-------+----------+-------------------------------------------
     0 | D:1      | javelincjr the Gnoll Summoner began the quest for the Orb.
     0 | D:1      | Reached XP level 1. HP: 13/13 MP: 6/6
   236 | D:1      | Reached XP level 2. HP: 12/19 MP: 5/7
   936 | D:1      | HP: 1/20 [kobold/+2 dagger of protection (2)]
  1459 | D:1      | Reached skill level 5 in Spellcasting
  1459 | D:1      | Reached XP level 3. HP: 25/25 MP: 5/9
  1475 | D:1      | Learned a level 3 spell: Call Canine Familiar
  1785 | D:2      | Reached skill level 1 in Invocations
  1936 | D:2      | Found a faded altar of an unknown god.
  1980 | D:2      | Prayed at the altar of an unknown god.
  1980 | D:2      | Became a worshipper of Nemelex Xobeh the Trickster
  1980 | D:2      | Reached * piety under Nemelex Xobeh
  2071 | D:2      | Received a gift from Nemelex Xobeh
  2109 | D:2      | Reached skill level 1 in Fighting
  2109 | D:2      | Reached skill level 1 in Short Blades
  2109 | D:2      | Reached skill level 1 in Long Blades
  2109 | D:2      | Reached skill level 1 in Axes
  2109 | D:2      | Reached skill level 1 in Maces & Flails
  2109 | D:2      | Reached skill level 1 in Polearms
  2109 | D:2      | Reached skill level 1 in Staves
  2109 | D:2      | Reached skill level 1 in Ranged Weapons
  2109 | D:2      | Reached skill level 1 in Throwing
  2109 | D:2      | Reached skill level 1 in Armour
  2109 | D:2      | Reached skill level 1 in Shields
  2109 | D:2      | Reached skill level 1 in Unarmed Combat
  2109 | D:2      | Reached skill level 1 in Evocations
  2163 | D:2      | Reached XP level 4. HP: 29/32 MP: 8/11
  2447 | D:2      | Noticed Jessica
  2452 | D:2      | Killed Jessica
  2453 | D:2      | Reached skill level 1 in Conjurations
  2453 | D:2      | Reached skill level 1 in Hexes
  2453 | D:2      | Reached skill level 1 in Necromancy
  2453 | D:2      | Reached skill level 1 in Translocations
  2453 | D:2      | Reached skill level 1 in Transmutations
  2453 | D:2      | Reached skill level 1 in Fire Magic
  2453 | D:2      | Reached skill level 1 in Ice Magic
  2453 | D:2      | Reached skill level 1 in Air Magic
  2453 | D:2      | Reached skill level 1 in Earth Magic
  2453 | D:2      | Reached skill level 1 in Poison Magic
  2458 | D:2      | Got Sif Muna's Precepts of Twisted Invitation
  2593 | D:3      | Reached XP level 5. HP: 35/37 MP: 3/12
  2730 | D:3      | Reached ** piety under Nemelex Xobeh
  2793 | D:3      | Found a blossoming altar of Fedhas.
  2958 | D:3      | Received a gift from Nemelex Xobeh
  2976 | D:3      | Noticed Grinder
  3021 | D:3      | Noticed Grinder
  3021 | D:3      | Grinder changed into Grinder the lemure
  3028 | D:3      | Killed Grinder the lemure
  3029 | D:3      | Reached XP level 6. HP: 17/44 MP: 8/14
  3259 | D:3      | Got the Papyrus of Pollution and Bewitchment
  3368 | D:3      | Found a runed translucent gate.
  3368 | D:3      | Found a runed translucent gate.
  3368 | D:3      | Found a runed translucent gate.
  3371 | D:3      | Noticed monsoonserge's ghost (amateur MeCA)
  3735 | D:3      | Reached skill level 5 in Dodging
  3745 | D:3      | Killed monsoonserge's ghost
  4243 | D:4      | Found a staircase to the Ecumenical Temple.
  4247 | Temple   | Entered the Ecumenical Temple
  4247 | Temple   | Found a transporter.
  4247 | Temple   | Found a transporter.
  4249 | Temple   | Found a transporter.
  4249 | Temple   | Found a transporter.
  4460 | D:4      | Received a gift from Nemelex Xobeh
  4573 | D:4      | Reached *** piety under Nemelex Xobeh
  4789 | D:5      | Entered Level 5 of the Dungeon
  4796 | D:5      | Noticed an ice beast
  4800 | D:5      | Reached XP level 7. HP: 50/50 MP: 10/15
  4942 | D:5      | Reached skill level 5 in Stealth
  5059 | D:5      | Found an opulent altar of Gozag.
  5061 | D:5      | Found a basalt altar of Yredelemnul.
  5063 | D:5      | Found an ornate altar of the Wu Jian Council.
  5263 | D:5      | Noticed Ijyb
  5281 | D:5      | Killed Ijyb
  5395 | D:5      | Noticed Duvessa
  5399 | D:5      | Noticed Dowan
  5422 | D:5      | Killed Dowan
  5427 | D:5      | Killed Duvessa
  5428 | D:5      | Reached XP level 8. HP: 22/58 MP: 6/16
  5618 | D:5      | Identified a scroll of acquirement
  5618 | D:5      | Acquired the +8 sling of Rifyev {speed, rF- Will+ Str+3}
  5895 | D:5      | Found a glowing silver altar of Zin.
  6144 | D:6      | Reached **** piety under Nemelex Xobeh
  6146 | D:6      | Received a gift from Nemelex Xobeh
  6873 | D:6      | Reached XP level 9. HP: 53/65 MP: 15/18
  6878 | D:6      | Learned a level 4 spell: Summon Lightning Spire
  6956 | D:6      | Identified the +5 chain mail of the Lotus Blossom {-Cast
                  | rN+ Str+7} (You took it off a gnoll bouda on level 6 of the
                  | Dungeon)
  7281 | D:6      | Reached skill level 8 in Summonings
  7363 | D:6      | Received a gift from Nemelex Xobeh
  8140 | D:7      | Found Goopteo's Weapon Shop.
  8155 | D:7      | Reached skill level 5 in Invocations
  8304 | D:7      | Received a gift from Nemelex Xobeh
  8342 | D:7      | Found a transporter.
  8342 | D:7      | Noticed Joseph
  8344 | D:7      | Noticed a two-headed ogre
  8347 | D:7      | Found a transporter.
  8356 | D:7      | Shot with a sling bullet by Joseph

Illustrated notes

Levels and vault maps discovered:
D:1:      tarquinn_simple_flora_water_d, layout_loops_ring, nicolae_titane
D:2:      layout_basic, shapermc_ecumenical_altar_mp_urbaneastern,
          minmay_hexomino_p4, uniq_jessica
D:3:      layout_basic, lemuel_crystal_altar, biasface_ghost_orc_armoury,
          uniq_grinder
D:4:      layout_gridville, temple_hall_moat
D:5:      layout_cave_pods, zin_academy, minitemple, minmay_door_square,
          uniq_duvessa, uniq_ijyb
D:6:      minmay_inner_zag, layout_basic, serial_corexii_hall,
          corexii_hall_statues_s, chequers_hall_statues_wall_a
D:7:      gammafunk_beogh_shrine, layout_basic, serial_shops,
          nicolae_shop_bloodbath_and_beyond, uniq_joseph
Temple:   hellmonk_temple_divided_pantheon

Skill      XL: |  1  2  3  4  5  6  7  8  9 |
---------------+----------------------------+-----
Spellcasting   | 5 6 |  6.8
Invocations    | 1 2 3 4 5 |  5.0
Fighting       | 1 2 3 4 |  4.5
Short Blades   | 1 2 3 4 |  4.5
Long Blades    | 1 2 3 4 |  4.5
Axes           | 1 2 3 4 |  4.5
Maces & Flails | 1 2 3 4 |  4.5
Polearms       | 1 2 3 4 |  4.5
Staves         | 1 2 3 4 |  4.5
Ranged Weapons | 1 2 3 4 |  4.5
Throwing       | 1 2 3 4 |  4.5
Armour         | 1 2 3 4 |  4.5
Shields        | 1 2 3 4 |  4.5
Unarmed Combat | 1 2 3 4 |  4.5
Evocations     | 1 2 3 4 |  4.5
Conjurations   | 1 2 3 |  3.7
Hexes          | 1 2 3 |  3.7
Necromancy     | 1 2 3 |  3.7
Translocations | 1 2 3 |  3.7
Transmutations | 1 2 3 |  3.7
Fire Magic     | 1 2 3 |  3.7
Ice Magic      | 1 2 3 |  3.7
Air Magic      | 1 2 3 |  3.7
Earth Magic    | 1 2 3 |  3.7
Poison Magic   | 1 2 3 |  3.7
Dodging        | 5 6 |  6.5
Stealth        | 5 6 |  6.2
Summonings     | 8 |  8.1

Action                   |  1- 3 |  4- 6 |  7- 9 || total
-------------------------+-------+-------+-------++-------
Melee: Unarmed           |    35 |       |       ||    35
       Bite              |     9 |    15 |     9 ||    33
       Dagger            |    70 |   100 |    65 ||   235
       Punch             |     2 |       |       ||     2
 Fire: Sling             |       |       |   190 ||   190
 Cast: Summon Small Mamm |    49 |    30 |    35 ||   114
       Call Canine Famil |     5 |    13 |    21 ||    39
       Summon Lightning  |       |       |     3 ||     3
Invok: Draw Destruction  |       |     3 |       ||     3
       Draw Summoning    |       |     1 |       ||     1
  Use: Scroll            |       |     2 |     3 ||     5
 Stab: Distracted        |     1 |     2 |       ||     3
       Sleeping          |       |     3 |       ||     3
Armor: Robe              |    15 |    19 |       ||    34
       Leather armour    |       |     1 |    34 ||    35
Dodge: Dodged            |    57 |    41 |    70 ||   168
Block: Buckler           |       |       |    17 ||    17
